 Dungeon Crawl Stone Soup version 0.27-a0-1081-ge8a0a9c698 (webtiles) character file.

Game seed: 16737772817256694206

77 Zeld the Conjurer (level 4, 0/28 (29) HPs)
             Began as an Octopode Conjurer on Apr 25, 2021.
             Slain by a goblin
             ... wielding a +2 dagger of draining
             ... led by Robin
              (3 damage)
             ... on level 2 of the Dungeon.
             The game lasted 00:06:26 (2642 turns).

Zeld the Conjurer (Octopode Conjurer)               Turns: 2642, Time: 00:06:26

HP:   0/28 (29)     AC:  1    Str:  6    XL:     4   Next: 34%
MP:   1/8           EV: 13    Int: 21    God:
Gold: 98            SH:  0    Dex: 10    Spells: 1/8 levels left

rFire    . . .     SeeInvis .   (no weapon)
rCold    + . .     Faith    .   (no shield)
rNeg     . . .     Spirit   .   (helmet restricted)
rPois    .         Reflect  .   (no amulet)
rElec    .         Harm     .   f - ring of protection from cold
rCorr    .         Rampage  .   (no ring)
Will     .....                  (no ring)
Stlth    +++.......             (no ring)
HPRegen  0.09/turn              (no ring)
MPRegen  0.11/turn              (no ring)
                                (no ring)
                                (no ring)

@: lightly drained
A: almost no armour, amphibious, 8 rings, camouflage 1, gelatinous body 1,
(nimble swimmer 1), tentacles
a: no special abilities


You were on level 2 of the Dungeon.
You visited 1 branch of the dungeon, and saw 2 of its levels.

You collected 98 gold pieces.

Inventory:

Jewellery
 f - a ring of protection from cold (left tentacle)
Scrolls
 a - 4 scrolls of teleportation {unknown}
 c - a scroll of identify {unknown}
 e - a scroll of torment
Potions
 b - a potion of curing {unknown}


   Skills:
 * Level 1.9 Fighting
 + Level 2.4 Dodging
 - Level 2.6 Stealth
 * Level 2.7 Spellcasting
 * Level 4.5 Conjurations


You had one spell level left.
You knew the following spells:

 Your Spells              Type           Power      Damage    Failure   Level
a - Magic Dart            Conj           84%        1d7       2%          1
b - Searing Ray           Conj           42%        3d4       3%          2
c - Fulminant Prism       Conj/Hex       6%         3d7       47%         4

Your spell library contained the following spells:

 Spells                   Type           Power      Damage    Failure   Level
 Dazzling Flash           Conj/Hex       24%        N/A       16%         3
 Iskenderun's Mystic Bla  Conj/Tloc      12%        2d5       47%         4


Dungeon Overview and Level Annotations

Branches:
Dungeon (2/15)

Altars:

Shops:
D:1 ?

Annotations:
D:2 Robin


Innate Abilities, Weirdness & Mutations

You cannot wear most types of armour.
You are amphibious.
You can wear up to eight rings at the same time.
Your skin changes colour to match your surroundings (Stealth+).
Your rubbery body absorbs attacks. (AC +1, EV +1)
((You are camouflaged near water. (Stealth+)))
You have tentacles for arms and can constrict up to eight enemies at once.


Message History

Your grab misses the goblin. Your squeeze misses the goblin.
The goblin barely misses you.
Robin's horned helmet rattles.
The goblin hits you but does no damage.
You tentacle-slap the goblin. Your grab misses the goblin.
The goblin is heavily wounded.
The goblin hits you with a +2 dagger of draining.
You feel drained. The goblin hits you with a +0 dagger.
You closely miss the goblin. Your grab misses the goblin.
The goblin is heavily wounded.
The goblin misses you. The goblin barely misses you.
Casting: Searing Ray (safe; 3% risk of failure)
Confirm with . or Enter, or press ? or * to list all spells.
Aiming: Searing Ray (safe; 3% risk of failure)
Press: ? - help, Shift-Dir - straight line, f - goblin
Aim: a goblin, wielding a +0 dagger (heavily wounded, strong, 72% to hit)
The searing ray misses the goblin. (Press . to maintain the ray.)
The goblin completely misses you. The goblin hits you with a +0 dagger.
Unknown command.
You closely miss the goblin. Your grab misses the goblin.
The goblin is heavily wounded.
The goblin closely misses you. The goblin hits you with a +0 dagger.
You barely miss the goblin. Your grab misses the goblin.
The goblin is heavily wounded.
The goblin misses you. The goblin hits you with a +0 dagger.
* * * LOW HITPOINT WARNING * * *
As you read the scroll labelled GAOTIY CAAHYTE, it crumbles to dust.
Your body is wracked with pain!
* * * LOW HITPOINT WARNING * * *
The goblin convulses! x2; Robin convulses!
The goblin convulses! x2
It was a scroll of torment.
The goblin no longer looks unusually strong.
The goblin closely misses you. The goblin hits you with a +0 dagger.
* * * LOW HITPOINT WARNING * * *
As you read the scroll labelled MESIT KUSIME, it crumbles to dust.
You speak a Word of immense power!
It was a scroll of holy word.
The goblin no longer looks unusually strong.
The goblin hits you with a +2 dagger of draining.
You die...

.....###..#......#.##....# #.#
.......#..#......#.##....# #.#
.......#.........#.##....# #.##
................g#.##....# #...
...........>...gg#.......########
...........#####g#......†'.......
...........# #g#.#.....########
############ #g#.#.....#
#@#.#####'#######
#g#.............#
#.#.............#
#.#.............#
#.#.............#
#.#.............#
#.#.#####'####### #.#.#####.####
#.#..........#


You could see Robin and 6 goblins.

Vanquished Creatures
  A gnoll (D:2)
  An adder (D:2)
  A worm (D:2)
  3 dart slugs
  6 bats
  3 endoplasms (D:1)
  A giant cockroach (D:1)
  10 goblins
  5 hobgoblins
  3 kobolds
  2 quokkas (D:1)
  6 ball pythons
  3 frilled lizards
  A giant cockroach zombie (D:2)
  A rat (D:1)
47 creatures vanquished.

Notes
Turn   | Place    | Note
-------+----------+-------------------------------------------
     0 | D:1      | Zeld the Octopode Conjurer began the quest for the Orb.
     0 | D:1      | Reached XP level 1. HP: 11/11 MP: 3/3
   409 | D:1      | Reached XP level 2. HP: 18/18 MP: 3/5
   466 | D:1      | Learned a level 2 spell: Searing Ray
   497 | D:1      | Reached skill level 1 in Fighting
   787 | D:1      | Found Ucsexol's Magic Scroll Shoppe.
   940 | D:1      | Reached XP level 3. HP: 23/23 MP: 1/6
  2054 | D:2      | Reached XP level 4. HP: 29/29 MP: 2/7
  2073 | D:2      | Learned a level 4 spell: Fulminant Prism
  2629 | D:2      | Noticed Robin
  2642 | D:2      | Slain by a goblin

Illustrated notes

Levels and vault maps discovered:
D:1:      lightli_arrival_windingriver, layout_loops_ring, serial_shops,
          nicolae_shop_stone, roderic_serpentine_path
D:2:      layout_basic, minmay_tall_x, uniq_robin

Skill      XL: |  1  2 |
---------------+-------+-----
Fighting       | 1 |  1.9
Dodging        | |  2.4
Stealth        | |  2.6
Spellcasting   | |  2.7
Conjurations   | |  4.5

Action                   |  1- 3 |  4- 6 || total
-------------------------+-------+-------++-------
Melee: Unarmed           |    16 |    18 ||    34
       Constrict         |     5 |     4 ||     9
       Tentacles         |     3 |     1 ||     4
 Cast: Magic Dart        |    49 |     7 ||    56
       Searing Ray       |     9 |     7 ||    16
  Use: Scroll            |       |     2 ||     2
Armor: Skin              |     3 |     3 ||     6
Dodge: Dodged            |    12 |    24 ||    36

Table legend: (Time is in decaauts)
 A = Elapsed time spent in this place.
 B = Non-inter-level travel time spent in this place.
 C = Inter-level travel time spent in this place.
 D = Time resting spent in this place.
 E = Time spent auto-exploring this place.
 F = Levels seen in this place.
 G = Mean time per level.
                   A        B        C        D        E       F      G
               +--------+--------+--------+--------+--------+-----+--------+
         Total |   2641 |   2597 |     44 |    194 |   2121 |   2 | 1320.5 |
       Dungeon |   2641 |   2597 |     44 |    194 |   2121 |   2 | 1320.5 |
               +--------+--------+--------+--------+--------+-----+--------+

Top non-repeatable levels by time:
     D:1: 1482 daAuts
     D:2: 1159 daAuts
